 Dungeon Crawl Stone Soup version 0.29-a0-330-g52719c12eb (webtiles) character file.

Game seed: 15997785518796763062

448 kae the Changer (level 6, -1/47 HPs)
             Began as a Draconian Transmuter on May 17, 2022.
             Succumbed to an orc wizard's poison
             ... on level 4 of the Dungeon.
             The game lasted 00:03:01 (5247 turns).

kae the Changer (Draconian Transmuter)              Turns: 5247, Time: 00:03:02

Health: -1/47      AC:  2    Str: 12    XL:     6   Next: 73%
Magic:  8/11       EV: 19    Int: 22    God:
Gold:   121        SH:  0    Dex: 16    Spells: 2/12 levels left

rFire   . . .      SeeInvis .     - Unarmed
rCold   . . .      Faith    .   (shield currently unavailable)
rNeg    . . .      Spirit   .   (body armour unavailable)
rPois   x          Reflect  .   (helmet currently unavailable)
rElec   .          Harm     .   (cloak currently unavailable)
rCorr   .          Rampage  .   (gloves currently unavailable)
Will    .....                   (boots currently unavailable)
Stlth   +.........              (no amulet)
HPRegen 0.15/turn               h - +6 ring of intelligence
MPRegen 0.12/turn               (no ring)

@: lethally poisoned (-1 -> -47), spider-form, wereblooded
A: venomous fangs, AC +6, tiny, unfitting armour, (cold-blooded)
a: End Transformation


You were on level 4 of the Dungeon.
You were a venomous arachnid creature.
You visited 1 branch of the dungeon, and saw 4 of its levels.

You collected 121 gold pieces.

Inventory:

Armour
 i - a +0 pair of gloves (melded)
Jewellery
 h - a +6 ring of intelligence (left front leg)
Wands
 d - a wand of digging (4)
Scrolls
 b - 2 scrolls of teleportation
 f - 2 scrolls of fog
Potions
 a - a potion of heal wounds
 c - a potion of flight
 e - 2 potions of ambrosia
 j - a potion of curing
 k - 2 potions of haste {unknown}


   Skills:
 - Level 1.1 Fighting
 - Level 1.7 Dodging
 + Level 4.4 Unarmed Combat
 + Level 3.5 Spellcasting
 * Level 5.0 Transmutations
 * Level 1.6 Ice Magic
 - Level 1.2 Poison Magic


You had 2 spell levels left.
You knew the following spells:

 Your Spells              Type           Power      Damage    Failure   Level
a - Beastly Appendage     Tmut           52%        N/A       7%          1
b - Wereblood             Tmut           26%        N/A       9%          2
c - Spider Form           Tmut/Pois      17%        N/A       24%         3
d - Ice Form              Ice/Tmut       18%        N/A       52%         4

Your spell library contained the following spells:

 Spells                   Type           Power      Damage    Failure   Level
 Sublimation of Blood     Necr           3%         N/A       38%         2
 Frozen Ramparts          Ice            22%        1d4       38%         3
 Summon Ice Beast         Ice/Summ       7%         N/A       82%         4
 Summon Hydra             Summ           1%         N/A       100%        7


Dungeon Overview and Level Annotations

Branches:
Dungeon (4/15)             Temple (0/1) D:4

Altars:
Makhleb

Shops:
D:2 (


Innate Abilities, Weirdness & Mutations

You are a venomous arachnid creature.
You have poisonous fangs.
You are tiny and dextrous.
Your spellcasting is less reliable in this form.
Your armour is entirely melded.
You are incapable of wielding weapons or throwing items.
((Your plain brown scales are hard. (AC +6)))
You cannot fit into any form of body armour.
((You are cold-blooded and may be slowed by cold attacks.))


Message History

* * * LOW HITPOINT WARNING * * *
You feel very sick.
You feel much better.
You feel very sick. The orc wizard closely misses you.
The orc wizard barely misses you. The orc priest closely misses you.
You hit the orc priest.
The orc priest is moderately wounded.
You feel very sick.
The orc wizard gestures wildly while chanting.
The orc wizard flickers and vanishes!
Deactivating autopickup; reactivate with Ctrl-A.
The orc priest barely misses you. The orc wizard misses you.
You hit the orc priest but do no damage.
The orc priest is poisoned.
The orc priest is moderately wounded.
You feel sick.
You hear some strange, mumbled words.
Something tries to affect you, but you resist.
The orc priest invokes the aid of Beogh against you.
Pain shoots through your body! The orc wizard misses you.
You barely miss the orc priest.
The orc priest is moderately wounded.
You feel sick. Something hits you.
You are lethally poisoned!
The orc priest barely misses you. The orc wizard completely misses you.
You hit the orc priest.
The orc priest looks as sick as possible!
The orc priest is severely wounded.
* * * LOW HITPOINT WARNING * * *
You feel very sick. Something hits you but does no damage.
You are more poisoned.
The orc priest casts a cantrip, but nothing happens.
The orc wizard hits you with a +0 dagger.
* * * LOW HITPOINT WARNING * * *
As you read the scroll of fear, it crumbles to dust.
You assume a fearsome visage.
The orc wizard looks frightened!
The orc priest looks frightened!
You die...

.'..'###'###+..+.#.#.#.#.####
##..#.......#..#.....).....
#..#.......#..###.#.#.#.###
####'###'###'####.[.......#
......#..#.#..# ## #.#.#.##
........##.##.#######...##
......#.##..#...........
......#.###.#...{o......
......#.###.#...so......
......#.......#######...
#'###...###.#.#
....###.###.#.#
⌠.⌠.#.......#.#
.>..'.........#
⌠.⌠.###.####### ....###.#
#'###...#


You could see an orc priest (fleeing, extremely poisoned) and an orc wizard
(fleeing).

Vanquished Creatures
  Pargi (D:3)
  A necrophage (D:3)
  A gnoll shaman (D:2)
  12 gnolls
  6 adders
  A worm (D:4)
  4 dart slugs
  3 orcs
  10 endoplasms
  5 giant cockroaches
  2 goblins
  9 hobgoblins
  7 jackals
  9 kobolds
  6 quokkas
  2 ball pythons
  7 bats
  4 frilled lizards
  3 rats
93 creatures vanquished.

Notes
Turn   | Place    | Note
-------+----------+-------------------------------------------
     0 | D:1      | kae the Draconian Transmuter began the quest for the Orb.
     0 | D:1      | Reached XP level 1. HP: 16/16 MP: 3/3
   291 | D:1      | Reached XP level 2. HP: 22/23 MP: 3/5
   849 | D:1      | Learned a level 2 spell: Wereblood
   875 | D:1      | Reached XP level 3. HP: 28/28 MP: 4/6
   879 | D:1      | Learned a level 3 spell: Spider Form
  1207 | D:1      | Reached skill level 3 in Transmutations
  1641 | D:2      | Found Keasack's Weapon Shoppe.
  1946 | D:2      | Reached XP level 4. HP: 21/35 MP: 5/7
  2229 | D:2      | Reached skill level 1 in Poison Magic
  3211 | D:3      | Noticed Pargi
  3220 | D:3      | Killed Pargi
  3221 | D:3      | Reached skill level 4 in Transmutations
  3221 | D:3      | Reached XP level 5. HP: 24/40 MP: 5/9
  3728 | D:3      | Reached XP level 6. HP: 38/47 MP: 7/10
  3742 | D:3      | Learned a level 4 spell: Ice Form
  4210 | D:3      | Reached skill level 1 in Ice Magic
  4416 | D:3      | Found a faded altar of an unknown god.
  5024 | D:4      | Reached skill level 5 in Transmutations
  5113 | D:4      | Found a burning altar of Makhleb.
  5195 | D:4      | Found a staircase to the Ecumenical Temple.
  5247 | D:4      | Succumbed to an orc wizard's poison

Illustrated notes

Levels and vault maps discovered:
D:1:      scummos_arrival_checkerplants, layout_rooms, minivault_25,
          minmay_octomino_e4
D:2:      layout_loops_ring, serial_shops, nicolae_shop_hallway_plus,
          minmay_crystal_room, minmay_puff
D:3:      layout_basic, serial_corexii_hall, chequers_hall_statues_wall_a,
          chequers_hall_statues_y, chequers_hall_statues_y,
          corexii_hall_statues_i, chequers_ecumenical_altar_island,
          minmay_curled_crystal, uniq_pargi
D:4:      layout_loops_cross, mainiacjoe_overflow_24_doors,
          minmay_temple_entry_hall, st_stairs_9

Skill      XL: |  1  2  3  4  5  6 |
---------------+-------------------+-----
Transmutations | 3 4 5 |  5.0
Poison Magic   | 1 |  1.2
Spellcasting   | 3 |  3.5
Unarmed Combat | 4 |  4.4
Ice Magic      | 1 |  1.6
Fighting       | |  1.1
Dodging        | |  1.7

Action                   |  1- 3 |  4- 6 || total
-------------------------+-------+-------++-------
Melee: Unarmed           |   122 |   164 ||   286
       Kick              |    13 |     7 ||    20
       Punch             |     3 |     2 ||     5
       Tailslap          |     7 |    10 ||    17
       Headbutt          |     9 |     7 ||    16
 Cast: Beastly Appendage |    24 |    17 ||    41
       Spider Form       |       |    13 ||    13
       Wereblood         |       |     2 ||     2
  Use: Potion            |     1 |     1 ||     2
       Scroll            |     5 |     7 ||    12
Armor: Skin              |    73 |    30 ||   103
Dodge: Dodged            |    72 |   174 ||   246

Table legend: (Time is in decaauts)
 A = Elapsed time spent in this place.
 B = Non-inter-level travel time spent in this place.
 C = Inter-level travel time spent in this place.
 D = Time resting spent in this place.
 E = Time spent auto-exploring this place.
 F = Levels seen in this place.
 G = Mean time per level.
                   A        B        C        D        E       F      G
               +--------+--------+--------+--------+--------+-----+--------+
         Total |   5238 |   5112 |    126 |    751 |   3592 |   4 | 1309.5 |
       Dungeon |   5238 |   5112 |    126 |    751 |   3592 |   4 | 1309.5 |
               +--------+--------+--------+--------+--------+-----+--------+

Top non-repeatable levels by time:
     D:3: 1774 daAuts
     D:2: 1760 daAuts
     D:1: 1300 daAuts
     D:4: 403 daAuts
